[Event "*** Titled Tuesday 3|2 Blitz (Early)"]
[Site "Chess.com"]
[Date "2016.11.01"]
[Round "2"]
[White "Jungle_Jaguar"]
[Black "RodinMihail"]
[Result "0-1"]
[WhiteElo "2310"]
[BlackElo "2422"]
[TimeControl "180+2"]
[EndTime "11:21:35 PDT"]
[Termination "RodinMihail won by resignation"]

1. c4 e6 2. Nc3 d5 3. cxd5 exd5 4. d4 c6 5. Nf3 Nf6 6. Bg5 h6 7. Bf4 Bd6 8. Bxd6 Qxd6 9. e3 Bf5 10. Be2 Nbd7 11.
O-O O-O 12. Rc1 Rfe8 13. h3 a5 14. Re1 Ne4 15. Nxe4 Bxe4 16. Nd2 Bg6 17. Bh5 Bxh5 18. Qxh5 Nf6 19. Qd1 Ne4 20. Nxe4 Rxe4 21. Qb3 Re7 22. Rc2 a4 23. Qd3 a3 24. b3 Rae8 25. Rec1 Re4 26. Qd2 f5 27. b4 f4 28. exf4 Qxf4 29. Qc3 Rxd4 30. b5 Rde4 31. bxc6 bxc6 32. g3 Qf5 33.
Kg2 Re2 34. Rxe2 Rxe2 35. Rf1 Qe4+ 36. Kg1 Rxa2 37. Qxc6 Kh7 38. Qc3 Qc4 39. Qe5 Re2 40.
Qf5+ Kg8 41. Ra1 a2 42. Kh2 Qe4 43. Qc8+ Kh7 44. Qc5 d4 45. Rf1 a1=Q 0-1

[Event "*** Titled Tuesday 3|2 Blitz (Early)"]
[Site "Chess.com"]
[Date "2016.11.01"]
[Round "2"]
[White "GM_dmitrij"]
[Black "Usurpov"]
[Result "1-0"]
[WhiteElo "2437"]
[BlackElo "2258"]
[TimeControl "180+2"]
[EndTime "11:21:37 PDT"]
[Termination "GM_dmitrij won by resignation"]

1. e4 c5 2. Nf3 Nc6 3. d4 cxd4 4.
Nxd4 e5 5. Nb5 a6 6. Nd6+ Bxd6 7. Qxd6 Qe7 8. Qd1 Nf6 9. Nc3 d6 10. Bg5 Be6 11. Nd5 Bxd5 12. exd5 Nb8 13. c4 Nbd7 14.
Be2 h6 15. Be3 O-O 16. O-O Nh7 17. Rc1 f5 18. f3 Rac8 19. b4 b6 20. Qa4 f4 21. Bf2 e4 22. fxe4 Ng5 23. Bg4 Rc7 24.
Rfe1 Ne5 25. Qd1 Rxc4 26. Rxc4 Nxc4 27. h4 Nh7 28. Qd4 Ne5 29. Be6+ Kh8 30. Qxb6 f3 31.
g3 Nf6 32. Qa7 Qd8 33. Qxa6 Nfg4 34. Bxg4 Nxg4 35. Qb6 Qd7 36. a4 Ne5 37. Qb5 Qc7 38. Qf1 Qc2 39. a5 Nd3 40. Re3 Nxb4 41. a6 Qa2 42. a7 Na6 43. Rxf3 1-0

[Event "*** Titled Tuesday 3|2 Blitz (Early)"]
[Site "Chess.com"]
[Date "2016.11.01"]
[Round "2"]
[White "SavelijTartakover"]
[Black "Zaven_ChessMood"]
[Result "0-1"]
[WhiteElo "2455"]
[BlackElo "2588"]
[TimeControl "180+2"]
[EndTime "11:21:39 PDT"]
[Termination "Zaven_ChessMood won by resignation"]

1. Nf3 d5 2. d4 Nf6 3. c4 c6 4. Nc3 dxc4 5. a4 Bf5 6. Ne5 Nbd7 7. Nxc4 Qc7 8. g3 e5 9. dxe5 Nxe5 10. Bf4 Nfd7 11.
Bg2 g5 12. Ne3 gxf4 13. Nxf5 O-O-O 14. Qc2 Ng4 15. O-O fxg3 16. hxg3 h5 17. Bh3 Kb8 18. a5 a6 19. Ne4 Nde5 20. Qc3 Re8 21. Bxg4 hxg4 22.
Kg2 Qd7 23. Ne3 Rh6 24. Rh1 Rhe6 25. Nc5 Bxc5 26. Qxc5 Qd2 27. Rae1 Qxb2 28. Rh4 Qb5 29. Qc3 f5 30. Rh5 c5 31. Kg1 Qc6 32. Rc1 Nd7 33. Qg7 Rxe3 34. fxe3 Rxe3 35. Kf2 Qe6 36. Rc2 f4 37.
gxf4 g3+ 38. Kf1 Rb3 39. Rh8+ Ka7 40. Qg8 Rb1+ 41. Kg2 Qe4+ 42. Kh3 Rh1+ 43. Kg4 Nf6+ 0-1

[Event "*** Titled Tuesday 3|2 Blitz (Early)"]
[Site "Chess.com"]
[Date "2016.11.01"]
[Round "2"]
[White "Kawhi_Leonard2"]
[Black "FearlessKing64"]
[Result "1/2-1/2"]
[WhiteElo "2059"]
[BlackElo "2152"]
[TimeControl "180+2"]
[EndTime "11:21:46 PDT"]
[Termination "Game drawn by agreement"]

1. e4 c5 2. Nf3 d6 3. d4 cxd4 4.
Nxd4 Nf6 5. Nc3 a6 6. Be2 e5 7. Nb3 Be6 8. f4 Qc7 9. g4 exf4 10. Bxf4 h6 11. g5 hxg5 12. Bxg5 Be7 13. Qd2 Nc6 14.
O-O-O O-O-O 15. h4 Kb8 16. Nd5 Bxd5 17. exd5 Ne5 18. Kb1 Rc8 19. Nd4 Ne4 20. Qf4 Bxg5 21. hxg5 Rxh1 22. Rxh1 Nc5 23. Rh7 g6 24. a3 Qb6 25.
Ka1 Na4 26. b3 Nc3 27. Bg4 Nxd5 28. Qe4 Nxg4 29. Qxg4 Qc5 30. Kb2 Qc3+ 31. Kb1 Ne3 32. Qe4 Qe1+ 33. Ka2 Nxc2 34. Qxe1 Nxe1 35. Rxf7 Nc2 36.
Ne6 Re8 37. Rf6 Rg8 38. Nf4 Ne3 39. Rxd6 Rf8 40. Rf6 Rd8 41. Nxg6 Rd2+ 42. Kb1 Rg2 43. Re6 Rxg5 44. Rxe3 Rxg6 45. Kb2 Rc6 1/2-1/2

[Event "*** Titled Tuesday 3|2 Blitz (Early)"]
[Site "Chess.com"]
[Date "2016.11.01"]
[Round "2"]
[White "BillieKimbah"]
[Black "swayamsm"]
[Result "0-1"]
[WhiteElo "2563"]
[BlackElo "2618"]
[TimeControl "180+2"]
[EndTime "11:21:51 PDT"]
[Termination "swayamsm won by resignation"]

1. d4 Nf6 2. Bf4 e6 3. e3 b6 4.
Nf3 Bb7 5. h3 Be7 6. Bd3 O-O 7.
O-O c5 8. c3 d6 9. Qe2 Nbd7 10. Bh2 Re8 11. e4 Bf8 12. e5 dxe5 13. dxe5 Nd5 14. Nbd2 g6 15. Ne4 Qc7 16. Rad1 Rad8 17. h4 Bc6 18. h5 Bg7 19. hxg6 hxg6 20. Nd6 Rf8 21. a3 Bh6 22. Be4 Nf4 23. Qc4 Nxe5 24.
Nxe5 Bd5 25. Bxd5 exd5 26. Qa4 Rxd6 27. Kh1 Re6 28. Ng4 Bg5 29. Rxd5 Qb7 30. Bxf4 Qxd5 31.
Bg3 Kg7 32. Nh2 Re4 33. Qxa7 Bf4 34. Qxb6 Rh8 35. Kg1 Qh5 36. Qc6 Bxg3 37. fxg3 Qxh2+ 38. Kf2 Re6 0-1

[Event "*** Titled Tuesday 3|2 Blitz (Early)"]
[Site "Chess.com"]
[Date "2016.11.01"]
[Round "2"]
[White "Matibar"]
[Black "Fandorine"]
[Result "1/2-1/2"]
[WhiteElo "2562"]
[BlackElo "2633"]
[TimeControl "180+2"]
[EndTime "11:21:57 PDT"]
[Termination "Game drawn by stalemate"]

1. g3 g6 2. Bg2 Bg7 3. e4 e5 4. Ne2 Nf6 5. d4 d6 6. O-O O-O 7. Nbc3 Nbd7 8. h3 c6 9. a4 Re8 10. Bg5 h6 11. Be3 exd4 12. Nxd4 Nc5 13. f3 d5 14.
Nxc6 bxc6 15. Bxc5 Ba6 16. Re1 Qb8 17. exd5 Qxb2 18.
Bd4 Nxd5 19. Bxg7 Nxc3 20. Bxc3 Qxc3 21. Kh2 Red8 22. Qc1 Rd2 23. Ra3 Qxc2 24. Qxc2 Rxc2 25. g4 Bc4 26. Kg3 Bd5 27. a5 Kf8 28. h4 Re8 29. Rxe8+ Kxe8 30. g5 hxg5 31. hxg5 Kd7 32. Bf1 Ra2 33.
Rxa2 Bxa2 34. Kf4 Kd6 35. Ke3 Kc5 36. Bd3 Bc4 37. Be4 Bd5 38. Bd3 Kb4 39. a6 Bc4 40.
Be4 Kc5 41. f4 Bxa6 42. f5 gxf5 43. Bxf5 Bc4 44. Kd2 a5 45. Kc3 Bd5 46. g6 fxg6 47.
Bxg6 a4 48. Be8 a3 49. Kc2 Kb4 50. Bxc6 Bxc6 51. Kb1 Kb3 52. Ka1 Bd5 53. Kb1 Be4+ 54. Ka1 Bb1 55. Kxb1 a2+ 56. Ka1 Ka3 1/2-1/2

[Event "*** Titled Tuesday 3|2 Blitz (Early)"]
[Site "Chess.com"]
[Date "2016.11.01"]
[Round "2"]
[White "fastestmindalive"]
[Black "Ginger_GM"]
[Result "1-0"]
[WhiteElo "2513"]
[BlackElo "2424"]
[TimeControl "180+2"]
[EndTime "11:21:58 PDT"]
[Termination "fastestmindalive won by resignation"]

1. e4 e6 2. b3 d5 3. Bb2 Nf6 4. e5 Nfd7 5. f4 c5 6. Qg4 Nc6 7. Nf3 h5 8. Qg3 Ne7 9. Be2 Nf5 10. Qf2 a6 11. O-O b5 12. Nc3 Bb7 13. Nd1 d4 14. c3 dxc3 15. dxc3 c4 16. bxc4 Bc5 17.
Nd4 Nb6 18. Ne3 Nxe3 19. Qxe3 Nxc4 20. Bxc4 bxc4 21. f5 Qd5 22. Qh3 O-O-O 23. Kh1 Bxd4 24. cxd4 Rd7 25. Bc3 Kb8 26. Rab1 Ka8 27. Rb2 g5 28. fxg6 fxg6 29. Qe3 h4 30. h3 Qe4 31. Qxe4 Bxe4 32.
Rf4 Bd5 33. Rf6 Rg8 34. Rb6 Ka7 35. Rd6 Rb7 36. Kh2 g5 37. a3 g4 38. hxg4 Rxg4 39. Bb4 Rxg2+ 40. Kh3 Rg3+ 41. Kxh4 Rbg7 42. Rd7+ Kb6 43. Rxd5 Rg1 44. Rxe6+ Kb7 45. Re7+ Rxe7 46. Bxe7 c3 47. Rc5 1-0

[Event "*** Titled Tuesday 3|2 Blitz (Early)"]
[Site "Chess.com"]
[Date "2016.11.01"]
[Round "2"]
[White "GeorgMeier"]
[Black "KuzubovYuriy"]
[Result "1/2-1/2"]
[WhiteElo "2704"]
[BlackElo "2550"]
[TimeControl "180+2"]
[EndTime "11:22:16 PDT"]
[Termination "Game drawn by repetition"]

1. Nf3 c5 2. c4 Nf6 3. Nc3 Nc6 4.
g3 d6 5. Bg2 Be6 6. b3 Qc8 7. d4 Bh3 8. O-O cxd4 9. Nxd4 h5 10. f3 Bxg2 11. Kxg2 h4 12. Rg1 hxg3 13. hxg3 Qh3+ 14. Kf2 Qd7 15. Bg5 e6 16. Qd2 O-O-O 17. Rad1 Be7 18. Rh1 Rxh1 19. Rxh1 Kb8 20. e3 Ng4+ 21.
fxg4 Bxg5 22. Rh5 Be7 23. Nf3 Qc7 24. Ne4 a6 25. Kg2 g6 26. Rh7 d5 27. cxd5 exd5 28. Nf2 Bc5 29. Nd3 Bb6 30. Nf4 Qd7 31. g5 d4 32.
exd4 Nxd4 33. Nxd4 Bxd4 34. Qe2 Rc8 35. Qe4 Bb6 36. Nd5 Ba7 37. a4 Ka8 38. a5 Rd8 39. Nb6+ Bxb6 40. axb6 Qd2+ 41. Kh3 Qxg5 42. Rxf7 Qh5+ 43.
Kg2 Rd2+ 44. Rf2 Rd8 45. Rf7 Rd2+ 46. Rf2 Rxf2+ 47. Kxf2 Qh2+ 48. Kf1 Qh3+ 49. Kf2 Qh2+ 50. Kf1 Qh3+ 51. Kf2 Qh2+ 1/2-1/2

[Event "*** Titled Tuesday 3|2 Blitz (Early)"]
[Site "Chess.com"]
[Date "2016.11.01"]
[Round "2"]
[White "gmsakk"]
[Black "Salem-AR"]
[Result "1-0"]
[WhiteElo "2532"]
[BlackElo "2693"]
[TimeControl "180+2"]
[EndTime "11:22:26 PDT"]
[Termination "gmsakk won by resignation"]

1. d4 Nf6 2. Bg5 Ne4 3. Bf4 c5 4. f3 Qa5+ 5. c3 Nf6 6. Nd2 cxd4 7. Nb3 Qd8 8. cxd4 d5 9. e3 Nc6 10. Bb5 Qb6 11. Bd3 Nb4 12. Bb1 e6 13. g4 Be7 14. Ne2 Bd7 15. a3 Na6 16. Nc3 Rc8 17.
Kf2 O-O 18. Bd3 Ne8 19. Rb1 Nd6 20. Nd2 Nb5 21. Nxb5 Bxb5 22. Qe2 Bxd3 23. Qxd3 Qc6 24. Rbc1 Qa4 25. Qb3 Qd7 26. Nb1 b5 27. Qd3 Qb7 28. b4 Rc4 29. Nd2 Rc6 30. Nb3 Rfc8 31. Rxc6 Qxc6 32. Rc1 Qd7 33. Rc3 h6 34. Qc2 Rxc3 35.
Qxc3 Qe8 36. Na5 g6 37. Qc6 Qxc6 38. Nxc6 Bh4+ 39. Ke2 Kf8 40. Nxa7 Ke8 41. Nxb5 Kd7 42. Nc3 Be7 43. b5 Nc7 44. Bxc7 Kxc7 45. a4 Kb6 46.
Kd3 Ka5 47. Kc2 Kb4 48. Kd3 Bd8 49. e4 dxe4+ 50. fxe4 Bc7 51. h3 Kb3 52. d5 exd5 53.
Nxd5 Be5 54. a5 1-0

[Event "*** Titled Tuesday 3|2 Blitz (Early)"]
[Site "Chess.com"]
[Date "2016.11.01"]
[Round "2"]
[White "fireheart92"]
[Black "TomsKantans"]
[Result "1-0"]
[WhiteElo "2498"]
[BlackElo "2472"]
[TimeControl "180+2"]
[EndTime "11:22:37 PDT"]
[Termination "fireheart92 won by resignation"]

1. e4 c5 2. Nf3 Nf6 3. e5 Nd5 4.
Nc3 e6 5. Nxd5 exd5 6. d4 Nc6 7. c3 d6 8. Bb5 Be7 9. exd6 Bxd6 10. Qe2+ Qe7 11.
Qxe7+ Kxe7 12. dxc5 Bxc5 13. Bf4 a6 14. Ba4 Be6 15. O-O Rhd8 16. Rfe1 h6 17. Rad1 Rac8 18. Be3 Bxe3 19. Rxe3 Na5 20. Nd4 Nc4 21. Re2 Kf6 22. f3 Bd7 23. Bb3 Re8 24. Bxc4 dxc4 25. Kf2 Rxe2+ 26.
Nxe2 Bc6 27. h4 Ke5 28. Rd4 b5 29. h5 g6 30. hxg6 fxg6 31. Rd1 Rc7 32. Rd8 Rd7 33.
Nd4 Kd6 34. Rg8 Bd5 35. Rxg6+ Kc5 36. Rxa6 h5 37. Rh6 b4 38. Rxh5 bxc3 39. bxc3 Ra7 40. Ne2 Rxa2 41. Ke3 Kd6 42. Rh6+ Ke7 43. g4 Rc2 44.
Rb6 Kf7 45. g5 Kg7 46. f4 Bf7 47. Rb7 Kf8 48. f5 Bh5 49. Nf4 Bg4 50. Ng6+ Ke8 51. f6 Rxc3+ 52. Kd4 Rf3 53. Rb8+ Kf7 54. Ne5+ 1-0

[Event "*** Titled Tuesday 3|2 Blitz (Early)"]
[Site "Chess.com"]
[Date "2016.11.01"]
[Round "2"]
[White "Wolverine_master"]
[Black "Jahonas"]
[Result "0-1"]
[WhiteElo "2057"]
[BlackElo "2162"]
[TimeControl "180+2"]
[EndTime "11:22:47 PDT"]
[Termination "Jahonas won by resignation"]

1. e4 c5 2. Nf3 d6 3. d4 cxd4 4. Nxd4 Nf6 5. Nc3 a6 6. Bg5 e6 7. f4 Be7 8. Qf3 Qc7 9. O-O-O Nbd7 10. g4 h6 11. Bxf6 Nxf6 12. g5 hxg5 13. fxg5 Nd7 14.
g6 Bg5+ 15. Kb1 Ne5 16. gxf7+ Qxf7 17. Qg2 Bf6 18. Nde2 Nc4 19. Nd4 Ne3 20. Qe2 Nxd1 21. Qxd1 Bd7 22. Bc4 Rc8 23. Bb3 Ke7 24. Nf5+ Kf8 25.
Nxd6 Qh5 26. Nxc8 Qxd1+ 27. Rxd1 Bxc8 28. e5 Be7 29. Ne4 Rxh2 30. a3 Ke8 31. Rg1 Re2 32.
Nd6+ Bxd6 33. exd6 Kf7 34. c4 b6 35. Bc2 Rd2 36.
Rd1 Rxd1+ 37. Bxd1 Bd7 38. b4 Bc6 39. c5 bxc5 40. bxc5 Kf6 41. Kc1 Ke5 42. Kd2 Kd4 43. Bf3 Kxc5 44. d7 Bxd7 45. Bg4 Kd6 46. Kc3 Bc6 47. Be2 a5 48. Kb3 Kc5 49. Kc3 e5 50. Bg4 g5 51. Bf5 Bd5 52. Kd2 Kd4 53. Bd7 e4 54.
Bf5 e3+ 55. Ke2 Bc4+ 56. Ke1 Bd3 57. Bd7 Kc3 58. Kd1 Kb3 59. a4 Kc3 60. Bg4 Kd4 61. Ke1 Ke4 62. Bd7 Kf4 63. Bc6 g4 64. Bb7 g3 65.
Bc6 Be4 66. Bxe4 Kxe4 67. Kf1 Kf3 68. Kg1 e2 0-1

[Event "*** Titled Tuesday 3|2 Blitz (Early)"]
[Site "Chess.com"]
[Date "2016.11.01"]
[Round "2"]
[White "Alohamora11"]
[Black "oskariot"]
[Result "1-0"]
[WhiteElo "2234"]
[BlackElo "2395"]
[TimeControl "180+2"]
[EndTime "11:22:53 PDT"]
[Termination "Alohamora11 won by resignation"]

1. e4 c5 2. Nf3 d6 3. d4 cxd4 4.
Nxd4 Nf6 5. Nc3 Nc6 6. Bc4 Qb6 7. Nb3 e6 8. Be3 Qc7 9. Qe2 a6 10. a4 Na5 11. Nxa5 Qxa5 12. O-O Be7 13. Rad1 O-O 14. f4 Bd7 15. Bd4 Bc6 16. f5 e5 17. Bf2 Qb4 18. Qd3 Rfd8 19. b3 Rac8 20. Bh4 b5 21. axb5 axb5 22. Nxb5 Bxe4 23. Qd2 Qxd2 24. Rxd2 d5 25.
Bxf6 Bxf6 26. Be2 Be7 27. c4 Bc5+ 28. Kh1 Be3 29. Rdd1 d4 30. Bd3 Bxd3 31. Rxd3 e4 32. Rdd1 Ra8 33. Nc7 d3 34. Nxa8 Rxa8 35. Rfe1 Bh6 36. Rxe4 d2 37. Rd4 f6 38. g4 Ra2 39. b4 Rc2 40. Kg2 Rc1 41. R1xd2 Bxd2 42. Rxd2 Rxc4 43. Rb2 Rxg4+ 44. Kf3 Rg5 45. Ke4 Rg4+ 46. Kd5 Kf7 47. b5 Rf4 48. b6 Rxf5+ 49. Kc6 Re5 50. b7 Re8 51. b8=Q Rxb8 52. Rxb8 f5 53. Kd5 Kf6 54. Kd4 Kg5 55. Ke3 g6 56.
Kf3 h5 57. Rb4 Kf6 58. h4 1-0

[Event "*** Titled Tuesday 3|2 Blitz (Early)"]
[Site "Chess.com"]
[Date "2016.11.01"]
[Round "2"]
[White "GMBenjaminBok"]
[Black "VMikhalevski"]
[Result "1/2-1/2"]
[WhiteElo "2599"]
[BlackElo "2505"]
[TimeControl "180+2"]
[EndTime "11:22:56 PDT"]
[Termination "Game drawn by agreement"]

1. d4 Nf6 2. c4 g6 3. g3 c6 4. Nf3 d5 5. b3 Bg7 6. Bg2 O-O 7. O-O Ne4 8. Bb2 Bf5 9. e3 a5 10.
Nc3 Nxc3 11. Bxc3 Be4 12. Qe2 Nd7 13. Rfc1 Qb6 14. Bh3 Bxf3 15. Qxf3 e6 16. cxd5 cxd5 17. Be1 Nb8 18. Bf1 Nc6 19. Qe2 Rfc8 20. Qb5 Qxb5 21. Bxb5 Bf8 22. a3 h5 23. Rc2 Nxd4 24. Rxc8 Nf3+ 25.
Kh1 Rxc8 26. Bxa5 Rc2 27. Kg2 Ne5 28. h3 Bc5 29. Kf1 b6 30. Be1 Nf3 31. b4 Bd6 32. Bd3 Nxe1 33. Bxc2 Nxc2 34. Ra2 Nxb4 35. axb4 Bxb4 36.
Ra7 Kg7 37. Rb7 Bc5 38. Ke2 Kf6 39. f4 Kg7 40. g4 hxg4 41. hxg4 Kf6 42. Kf3 Kg7 43.
g5 Kf8 44. Rb8+ Kg7 45. Rb7 Kg8 46. Rd7 Kf8 47. Rc7 Kg7 48. Rc8 Kh7 49. Rb8 Kg7 50. e4 dxe4+ 51. Kxe4 Bf2 52. Rb7 Bg1 53. Rb8 Bf2 54. Rb7 Bg1 55. Ke5 Bc5 56. Rb8 Be3 57. Ke4 Bc5 58. Rb7 Kg8 59. Rb8+ Kg7 60. Rb7 1/2-1/2

[Event "*** Titled Tuesday 3|2 Blitz (Early)"]
[Site "Chess.com"]
[Date "2016.11.01"]
[Round "2"]
[White "Akshayraj_Kore"]
[Black "NTBT_DHS"]
[Result "1-0"]
[WhiteElo "2345"]
[BlackElo "2491"]
[TimeControl "180+2"]
[EndTime "11:23:02 PDT"]
[Termination "Akshayraj_Kore won by checkmate"]

1. e4 g6 2. d4 Bg7 3. h4 d5 4. e5 h5 5. Nf3 Nh6 6. c4 c6 7. Nc3 dxc4 8. Bxc4 Bg4 9. Be3 Nf5 10.
Qd3 b5 11. Bb3 Bxf3 12. gxf3 Bxe5 13. Nxb5 O-O 14. Rg1 Kh7 15. Nc3 Bxd4 16. Rd1 Bxc3+ 17. Qxc3 Qc7 18. Rg5 e6 19. Bc5 Rd8 20. Qf6 Na6 21.
Rxd8 Rxd8 22. Be3 Rg8 23. Qc3 c5 24. Bc2 Nb4 25. Bxf5 exf5 26. Qc4 Qe7 27. Kf1 Nc6 28.
Bxc5 Qe6 29. Qxe6 fxe6 30. Ke2 Ne5 31. Rg1 Rb8 32. b3 Rb5 33. Bd4 Nc6 34. Bc3 Rc5 35. Kd3 e5 36. b4 Rd5+ 37. Kc4 Rd7 38. Re1 Kg8 39. b5 Ne7 40. Rxe5 Kf7 41. a4 Rc7+ 42. Rc5 Rd7 43. Bd4 Ke6 44. Re5+ Kf7 45. a5 Nc8 46.
Bc5 Rc7 47. Kb4 Kf6 48. f4 Rd7 49. Re8 Nd6 50. Bxd6 Rxd6 51. b6 axb6 52. a6 Rd7 53. Kb5 Kf7 54. Re3 Rd1 55. Ra3 Rb1+ 56. Kc6 b5 57. a7 b4 58. Ra6 Rc1+ 59. Kb5 b3 60. a8=Q b2 61. Qd5+ Kg7 62. Qe5+ Kh6 63. Qh8# 1-0

[Event "*** Titled Tuesday 3|2 Blitz (Early)"]
[Site "Chess.com"]
[Date "2016.11.01"]
[Round "2"]
[White "Danirod"]
[Black "CroatianPower"]
[Result "1/2-1/2"]
[WhiteElo "2482"]
[BlackElo "2473"]
[TimeControl "180+2"]
[EndTime "11:23:03 PDT"]
[Termination "Game drawn by agreement"]

1. e4 e6 2. d4 d5 3. Nd2 c5 4. Ngf3 cxd4 5. exd5 Qxd5 6. Bc4 Qd7 7. O-O Nf6 8. Nb3 Nc6 9. Nbxd4 Nxd4 10. Qxd4 Qxd4 11. Nxd4 a6 12. Re1 Bc5 13. Nb3 Be7 14. Bf4 b5 15. Bd3 Bb7 16. Na5 Bd5 17. c4 Bb4 18. cxd5 Bxa5 19. dxe6 Bxe1 20. Rxe1 fxe6 21.
Rxe6+ Kf7 22. Rb6 Rhd8 23. Be2 Re8 24. Kf1 Re7 25. Bf3 Rae8 26. g3 Re6 27. Rb7+ R8e7 28. Rb8 h6 29. h4 Nd7 30. Ra8 Nf6 31. Kg2 Rd7 32. a3 Nd5 33. Bh5+ g6 34. Bg4 Nxf4+ 35.
gxf4 Rde7 36. Bxe6+ Rxe6 37. Kf3 Kf6 38. Rf8+ Kg7 39.
Ra8 Kf6 40. b4 h5 41. Rf8+ Kg7 42. Rc8 Kf6 43. Rc5 Rd6 44. Ke3 Ke6 45. Rg5 Kf6 46. f5 gxf5 47. Rxh5 Re6+ 48. Kf3 Kg6 49. Rg5+ Kf6 50.
Rh5 Kg6 51. Rg5+ Kf6 52. Rg8 Rc6 53. Re8 Rc4 54. Kg3 Rg4+ 55. Kh3 Rf4 56. Ra8 Rf3+ 57. Kg2 Rxa3 58. Rg8 Rb3 59. h5 Rxb4 60. Rg6+ Kf7 61. Rxa6 Rh4 62. h6 b4 63. Rb6 b3 64. Kg3 Rh1 65.
Kf4 b2 66. Rxb2 Rxh6 67. Rb7+ Kf8 68. Kg5 Ra6 69. f4 Rc6 70. Kxf5 Ra6 71. Kg5 Rc6 72. f5 Ra6 73. Rb4 Rc6 74. Rg4 Ra6 75. Kh5 Kf7 76.
Rc4 Kf6 77. Kg4 Ra1 78. Rf4 1/2-1/2

[Event "*** Titled Tuesday 3|2 Blitz (Early)"]
[Site "Chess.com"]
[Date "2016.11.01"]
[Round "2"]
[White "joppie2"]
[Black "uzbektiger95"]
[Result "0-1"]
[WhiteElo "2549"]
[BlackElo "2631"]
[TimeControl "180+2"]
[EndTime "11:23:04 PDT"]
[Termination "uzbektiger95 won by resignation"]

1. e4 d5 2. exd5 Qxd5 3. Nc3 Qd6 4. d4 Nf6 5. Nf3 g6 6. h3 Bg7 7. Bc4 O-O 8. O-O a6 9. a4 c5 10. d5 Nbd7 11. a5 b5 12. axb6 Nxb6 13. Ba2 Bb7 14.
Qe2 Nbxd5 15. Nxd5 Nxd5 16. Rd1 Nf4 17. Qe1 Qf6 18. Bxf4 Qxf4 19. Bd5 Bxd5 20. Rxd5 Bxb2 21. Rb1 Bf6 22. Rxc5 Rfc8 23. Qa5 Rxc5 24. Qxc5 Rb8 25. Rd1 Qb4 26. Rd8+ Kg7 27. Qxb4 Rxb4 28. Ra8 Rb1+ 29. Kh2 Ra1 30. c4 Rc1 31. Rxa6 Rxc4 32. Ra2 h5 33. g3 e5 34. Kg2 e4 35. Nd2 Rb4 36.
h4 Bc3 37. Nf1 Bd4 38. Ne3 Bxe3 39. fxe3 Kf6 40. Ra5 Rb2+ 41. Kf1 Rd2 42. Rb5 Ke6 43. Ra5 f6 44. Rb5 Rd5 45. Rb6+ Kf5 46. Ra6 Rb5 47.
Ke2 Rb2+ 48. Kf1 g5 49. hxg5 fxg5 50. Rh6 Kg4 51. Rg6 Ra2 52. Kg1 Re2 53. Re6 Rxe3 54. Re5 Rxg3+ 55. Kh2 Re3 56. Kg2 h4 57. Re8 h3+ 58.
Kh2 Re2+ 59. Kg1 Kg3 60. Kf1 Rf2+ 61. Ke1 h2 62. Rh8 Ra2 0-1

[Event "*** Titled Tuesday 3|2 Blitz (Early)"]
[Site "Chess.com"]
[Date "2016.11.01"]
[Round "2"]
[White "Grebeniuk-S"]
[Black "KyronGriffith"]
[Result "0-1"]
[WhiteElo "2397"]
[BlackElo "2347"]
[TimeControl "180+2"]
[EndTime "11:23:09 PDT"]
[Termination "KyronGriffith won by resignation"]

1. d4 d5 2. c4 e6 3. Nc3 Be7 4. Nf3 Nf6 5. Bg5 h6 6. Bh4 O-O 7. e3 Ne4 8. Bxe7 Qxe7 9. Qc2 Nxc3 10. Qxc3 c6 11. Bd3 Nd7 12. O-O dxc4 13. Bxc4 c5 14.
Rfd1 b6 15. d5 exd5 16. Bxd5 Rb8 17. h3 Nf6 18. Qe5 Qxe5 19. Nxe5 Nxd5 20. Rxd5 Be6 21. Rdd1 Rbd8 22. Nc6 Rxd1+ 23. Rxd1 Bxa2 24. Ra1 Be6 25. Rxa7 b5 26. Rb7 Bc4 27. Ne5 Be2 28. f3 f6 29.
Nd7 Rc8 30. Kf2 Bc4 31. Nb6 Rd8 32. Nxc4 bxc4 33. Ke2 Ra8 34. Kd2 Ra1 35. Rc7 Rb1 36.
Kc2 Rg1 37. Rxc5 Rxg2+ 38. Kc3 Rg3 39. Rf5 Rxh3 40. Kxc4 Kf7 41. b4 Ke6 42. Rf4 Rh1 43.
Re4+ Kd6 44. Rd4+ Kc6 45. b5+ Kc7 46. Kd5 Rf1 47. f4 Re1 48. e4 h5 49. Ke6 h4 50. Kf7 h3 51. Rd2 Rxe4 52. f5 Rg4 53.
Rh2 Rg3 54. Rb2 Kb6 55. Rh2 Kxb5 56. Ke6 Kc5 57. Rh1 Kd4 58. Rh2 Ke4 59. Rf2 Rg2 60.
Rf1 h2 61. Re1+ Kf4 62. Rf1+ Kg5 63. Rh1 Kh4 64. Kf7 Kh3 65. Kg8 Rg1 0-1

[Event "*** Titled Tuesday 3|2 Blitz (Early)"]
[Site "Chess.com"]
[Date "2016.11.01"]
[Round "2"]
[White "petrpalachev"]
[Black "micfel"]
[Result "0-1"]
[WhiteElo "2407"]
[BlackElo "2266"]
[TimeControl "180+2"]
[EndTime "11:23:16 PDT"]
[Termination "micfel won by resignation"]

1. e4 e5 2. Nf3 Nf6 3. d3 Nc6 4.
Be2 d6 5. O-O Be7 6. Nbd2 O-O 7.
Re1 h6 8. c3 d5 9. a4 Bd6 10. Bf1 Re8 11. Qc2 Be6 12. a5 a6 13.
exd5 Nxd5 14. Nc4 f6 15. Qb3 Qd7 16. Bd2 Bf7 17. Qa4 Rad8 18. g3 Bf8 19. Ne3 Nde7 20.
b4 Kh8 21. Red1 Bh5 22. Be2 Kg8 23. Be1 Kh8 24. Qb3 Nc8 25. Qb2 N6a7 26. Rac1 Nd6 27. c4 Nc6 28. Nd5 Nf5 29. Bc3 Bf7 30. Ne3 Nfd4 31.
b5 axb5 32. cxb5 Nxe2+ 33. Qxe2 Nd4 34. Nxd4 exd4 35. Bxd4 Qxd4 36. Rxc7 Rd7 37. Rdc1 Rxc7 38. Rxc7 Bd5 39. Rd7 Qa1+ 40. Qf1 Qxf1+ 41. Kxf1 Bf3 42.
Rf7 Bb4 43. a6 bxa6 44. bxa6 Ra8 45. Nc2 Bd2 46. a7 Rc8 47. Ne1 Rc1 48. a8=Q+ Bxa8 49. Rf8+ Kh7 50. Rxa8 Rxe1+ 51. Kg2 Bc3 52. Rd8 Be5 53. Kf3 Rd1 54. h4 h5 55. Ke3 Kg6 56. f4 Bc7 57. Rd5 Bb6+ 58. Kf3 Rf1+ 59. Ke4 Bf2 60. Kf3 Bb6+ 61.
Ke4 f5+ 62. Ke5 Re1+ 63. Kd6 Bf2 64. Kc6 Bxg3 65. Rd6+ Kh7 66. Rd5 g6 67. Rd7+ Kh6 68. Rd4 Bxh4 69. Rc4 Bg3 70. d4 h4 71. Rc3 Bxf4 72.
d5 Kh5 73. Rc4 g5 74. d6 Rd1 75. d7 Rd6+ 76. Kc5 Rxd7 0-1

[Event "*** Titled Tuesday 3|2 Blitz (Early)"]
[Site "Chess.com"]
[Date "2016.11.01"]
[Round "2"]
[White "LawrenceTrent"]
[Black "FlySooHigh"]
[Result "1-0"]
[WhiteElo "2515"]
[BlackElo "2429"]
[TimeControl "180+2"]
[EndTime "11:23:17 PDT"]
[Termination "LawrenceTrent won by resignation"]

1. e4 d5 2. exd5 Nf6 3. Nf3 Nxd5 4.
d4 g6 5. c4 Nb6 6. c5 Nd5 7.
Bc4 Bg7 8. Qb3 c6 9. Nc3 O-O 10. Nxd5 cxd5 11. Bxd5 Nc6 12. O-O Na5 13. Qa4 Qxd5 14.
Qxa5 Bg4 15. Ne5 Be6 16. Be3 b6 17. Qa4 bxc5 18. Nc6 Rfe8 19. Rfc1 c4 20. Nb4 Qe4 21. Qc6 Qxc6 22. Nxc6 Bf6 23. Rc3 Rec8 24. Na5 Rab8 25. b3 cxb3 26. Rxc8+ Rxc8 27. Nxb3 Rc2 28. h3 h5 29. Nc1 Bc4 30. a4 a6 31. a5 Kg7 32. Ra3 e6 33. Nd3 Bxd3 34. Rxd3 Ra2 35. d5 Rxa5 36. dxe6 fxe6 37. Rd7+ Kf8 38. g3 Ra2 39.
Kg2 a5 40. g4 hxg4 41. hxg4 a4 42. g5 Be5 43. Bc5+ Kg8 44. Re7 Bg7 45. Rxe6 Rc2 46. Bb4 Bd4 47. Rxg6+ Kf7 48. Ra6 Rxf2+ 49. Kg3 Ra2 50.
g6+ Kg7 51. Kg4 Ba1 52. Bc5 Rg2+ 53. Kf5 Rc2 54. Ra7+ Kg8 55. Ra8+ Kg7 56. Bf8+ Kg8 57. Bh6+ 1-0

[Event "*** Titled Tuesday 3|2 Blitz (Early)"]
[Site "Chess.com"]
[Date "2016.11.01"]
[Round "2"]
[White "ajkom197"]
[Black "PowerThinking2650"]
[Result "0-1"]
[WhiteElo "2331"]
[BlackElo "2196"]
[TimeControl "180+2"]
[EndTime "11:23:17 PDT"]
[Termination "PowerThinking2650 won by resignation"]

1. d4 Nf6 2. Bf4 g6 3. e3 Bg7 4. Be2 O-O 5. h3 d6 6. Nf3 b6 7. O-O Bb7 8. a4 a6 9. a5 b5 10. Nbd2 Nbd7 11. c3 Re8 12. Bh2 e5 13. b4 e4 14. Ne1 Nd5 15. Qb3 f5 16. Rc1 Kh8 17. c4 bxc4 18. Bxc4 N7f6 19. Nc2 g5 20. Nb1 f4 21.
Nc3 Nxc3 22. Qxc3 f3 23. Rfd1 fxg2 24. Kxg2 Qd7 25. Be2 Bc8 26. Rh1 Qxh3+ 27. Kg1 Nd5 28. Qc6 Be6 29. Be5 Qf5 30. Bxg7+ Kxg7 31. Ne1 Rf8 32.
Rh2 Bd7 33. Qc2 Bb5 34. Bxb5 axb5 35. Rg2 Rf7 36. Qe2 Nxb4 37. Rb1 Nd3 38. Qh5 h6 39.
Nxd3 exd3 40. Rd1 Rxa5 41. f4 b4 42. Rh2 Qg6 43. Qxg6+ Kxg6 44. Rxd3 Ra1+ 45. Kf2 Ra2+ 46. Kg1 Rxh2 47. Kxh2 gxf4 48. e4 Kg5 49. d5 Kg4 50. Rb3 f3 51. e5 f2 52. Rxb4+ Kg5 53. e6 f1=Q 54. exf7 Qf2+ 55. Kh3 Qf3+ 56. Kh2 Qxf7 57.
Rb3 Qf4+ 58. Kh3 Qg4+ 59. Kh2 Qe2+ 60. Kh3 h5 61. Rg3+ Qg4+ 62. Kh2 h4 63. Rc3 Qf4+ 64.
Kh3 Qf5+ 65. Kh2 Qe5+ 66. Kg2 Qxc3 67. Kh2 Qg3+ 68. Kh1 Qg4 69. Kh2 Kf4 0-1